 Dungeon Crawl Stone Soup version 0.31.0-10-gcf4a605ca0 (webtiles) character file.

Game seed: 8162732838299477623

1325 Sobieck the Cleaver (level 8, -3/71 HPs)
             Began as a Hill Orc Monk on Jan 25, 2024.
             Was an Elder of Dithmenos.
             Succumbed to a hornet's poison
             ... on level 6 of the Dungeon.
             The game lasted 00:13:18 (6349 turns).

Sobieck the Cleaver (Hill Orc Monk)                 Turns: 6349, Time: 00:13:18

Health: -3/71      AC: 12    Str: 16    XL:     8   Next: 60%
Magic:  2/10       EV:  5    Int: 10    God:    Dithmenos [****..]
Gold:   40         SH:  0    Dex: 13    Spells: 7/7 levels left

rFire   . . .        r - +0 battleaxe (heavy)
rCold   . . .        (shield currently unavailable)
rNeg    . . .        q - +0 plate armour
rPois   .            e - +0 helmet
rElec   .            (no cloak)
rCorr   .            (no gloves)
SInv    .            (no boots)
Will    +....        d - amulet of guardian spirit Stlth
                     m - ring of willpower
HPRegen 0.31/turn    (no ring)
MPRegen 0.12/turn

%: guardian spirit
@: lethally poisoned (-3 -> -24), slowed, wreathed by umbra, very slow
A: no striking features
a: Renounce Religion, Shadow Step


You were on level 6 of the Dungeon.
You worshipped Dithmenos.
Dithmenos was greatly pleased with you.
You visited 1 branch of the dungeon, and saw 6 of its levels.

You collected 315 gold pieces.
You spent 275 gold pieces at shops.

Inventory:

Hand Weapons
 a - a +1 hand axe
 l - a +1 flail of holy wrath
 r - a +0 heavy battleaxe (weapon)
Missiles
 j - 64 stones (quivered)
 k - 5 poisoned darts
 t - 10 boomerangs
 Z - a throwing net
Armour
 e - a +0 helmet (worn)
 f - a +0 ring mail
 n - an orb of light
 o - a scarf of harm
 q - a +0 plate armour (worn)
 v - a +0 robe
Jewellery
 d - an amulet of guardian spirit (around neck)
 m - a ring of willpower (left hand)
Scrolls
 b - a scroll of blinking
 h - 2 scrolls of immolation
 p - a scroll of noise
 w - a scroll of revelation
Potions
 c - 2 potions of ambrosia
 g - a potion of resistance
 i - 2 potions of enlightenment
 H - a potion of haste
 Q - 3 potions of curing


   Skills:
 + Level 6.8 Fighting
 * Level 8.4 Axes
 + Level 2.6 Throwing
 + Level 3.2 Armour
 - Level 2.4 Dodging
 + Level 2.4 Stealth
 + Level 3.7 Invocations
 + Level 2.7 Evocations


You had 7 spell levels left.
You didn't know any spells.
Your spell library contained the following spells:

 Spells                   Type           Power      Damage    Failure   Level
 Apportation              Tloc           0%         N/A       100%        1
 Jinxbite                 Hex            0%         N/A       100%        2
 Alistair's Intoxication  Alch           0%         N/A       100%        5


Dungeon Overview and Level Annotations

Branches:
Dungeon (6/15)
 Temple: D:4-7

Altars:
Dithmenos
Hepliaklqana
Makhleb
Qazlal
Vehumet
Xom

Shops:
D:3 *?(   D:5 (

Annotations:
D:3 5 runed translucent doors, Eli6969696's ghost, amateur DrFE


Message History

You climb downwards.
There is a stone staircase leading up here.
Unknown command.
Unknown command.
Unknown command.
A white imp comes into view.
The white imp shouts, "Take thy face hence, thou unmuzzled common-kissing whey-face!"
Unknown command.
Unknown command.
Found 9 gold pieces.
The white imp hits you but does no damage.
You slice the white imp!!
You kill the white imp!
Dithmenos accepts your kill.
A hornet comes into view.
The hornet buzzes angrily.
The hornet barely misses you. The hornet stings you.
You feel yourself slow down.
You barely miss the hornet. The hornet barely misses you. x2
The hornet stings you.
You feel as though you will be slow longer.
The hornet barely misses you.
Unknown command.
You closely miss the hornet. The hornet stings you!
You feel as though you will be slow longer.
The hornet stings you but does no damage. x2
The hornet stings you!
You are poisoned.
You feel as though you will be slow longer.
The hornet stings you!
You are more poisoned.
You feel as though you will be slow longer.
You slice the hornet!!
The hornet is severely wounded.
You feel extremely sick. The hornet stings you!
* * * LOW HITPOINT WARNING * * *
You are lethally poisoned!
You feel as though you will be slow longer.
The hornet stings you.
* * * LOW HITPOINT WARNING * * *
You feel as though you will be slow longer.
The hornet stings you but does no damage.
The hornet stings you!
* * * LOW HITPOINT WARNING * * *
You feel as though you will be slow longer.
Unknown command.
You miss the hornet.
The hornet is severely wounded.
You die...

#.. #.# #.#
#.# #.#
##<#####.#
#........#
#..#########
#...@.....$.
#...#y......
#...#.#####.
........
###...#.##
..###.# ...
.# .... ..


You could see a hornet.

Vanquished Creatures
  Grinder (D:4)
  An orc warrior (D:5)
  An ogre (D:4)
  A phantom (D:5)
  A scorpion (D:5)
  2 jellies
  A bombardier beetle (D:4)
  5 hounds
  4 orc priests
  A gnoll bouda (D:3)
  Jessica (D:2)
  3 iguanas
  2 orc wizards
  2 adders
  13 gnolls
  2 shadow imps (D:5)
  A white imp (D:6)
  2 ribbon worms
  A dart slug (D:1)
  12 orcs
  13 ball pythons
  11 endoplasms
  4 giant cockroaches
  10 goblins
  6 hobgoblins
  12 jackals
  3 quokkas
  A bat (D:2)
  3 frilled lizards
  9 kobolds
  7 rats
136 creatures vanquished.

Notes
Turn   | Place    | Note
-------+----------+-------------------------------------------
     0 | D:1      | Sobieck the Hill Orc Monk began the quest for the Orb.
     0 | D:1      | Reached XP level 1. HP: 19/19 MP: 1/1
   204 | D:1      | Reached XP level 2. HP: 27/27 MP: 2/2
   366 | D:1      | Reached XP level 3. HP: 33/34 MP: 3/3
   586 | D:1      | Found a faded altar of an unknown god.
   780 | D:1      | Prayed at the altar of an unknown god.
   780 | D:1      | Became a worshipper of Dithmenos the Shadowed
   780 | D:1      | Reached * piety under Dithmenos
   780 | D:1      | Reached ** piety under Dithmenos
   806 | D:2      | Noticed Jessica
   812 | D:2      | Killed Jessica
   813 | D:2      | Reached skill level 5 in Axes
   848 | D:2      | Found a burning altar of Makhleb.
   850 | D:2      | Reached XP level 4. HP: 40/41 MP: 4/4
   896 | D:2      | Reached *** piety under Dithmenos
  1601 | D:3      | Found a hazy altar of Hepliaklqana.
  1616 | D:3      | Found Ipufak's Antique Weapon Shoppe.
  1799 | D:3      | Found a runed translucent gate.
  1801 | D:3      | Found a runed translucent gate.
  1803 | D:3      | Found a runed translucent gate.
  1804 | D:3      | Noticed Eli6969696's ghost (amateur DrFE)
  1852 | D:3      | Reached XP level 5. HP: 40/48 MP: 5/5
  1858 | D:3      | Reached skill level 6 in Axes
  2286 | D:3      | Found Oku Biru's Magic Scroll Emporium.
  2294 | D:3      | Bought a scroll of identify for 22 gold pieces
  2294 | D:3      | Bought a scroll of identify for 22 gold pieces
  2294 | D:3      | Bought a scroll of identify for 22 gold pieces
  2307 | D:3      | Found a stormy altar of Qazlal.
  2572 | D:3      | Found Vatueniss's General Store.
  2603 | D:3      | Found a large runed translucent door.
  2604 | D:3      | Found a large runed translucent door.
  2606 | D:3      | Found a shimmering altar of Xom.
  3013 | D:4      | Found a radiant altar of Vehumet.
  3151 | D:3      | Reached skill level 1 in Invocations
  3151 | D:3      | Reached XP level 6. HP: 16/57 MP: 2/6
  3370 | D:4      | Reached **** piety under Dithmenos
  3371 | D:4      | Reached skill level 1 in Armour
  3776 | D:4      | Reached skill level 1 in Throwing
  3776 | D:4      | Reached skill level 1 in Evocations
  3789 | D:4      | Reached skill level 1 in Stealth
  4379 | D:4      | Reached skill level 6 in Fighting
  4379 | D:4      | Reached XP level 7. HP: 36/63 MP: 4/8
  4386 | D:4      | Reached skill level 7 in Axes
  5217 | D:5      | Entered Level 5 of the Dungeon
  5217 | D:5      | Noticed Grinder
  5345 | D:4      | Killed Grinder
  5346 | D:4      | Reached skill level 3 in Invocations
  5346 | D:4      | Reached XP level 8. HP: 26/71 MP: 4/10
  5565 | D:5      | Found Bofezxow's Antique Weapon Shop.
  5657 | D:5      | Bought a runed battleaxe for 209 gold pieces
  5742 | D:5      | Reached skill level 8 in Axes
  5765 | D:5      | Reached skill level 3 in Armour
  6344 | D:6      | Noticed a hornet
  6349 | D:6      | Succumbed to a hornet's poison

Illustrated notes

Levels and vault maps discovered:
D:1:      ncdulo_smallfort, layout_basic,
          chequers_ecumenical_altar_simple_redux, nicolae_houndstooth_variations
D:2:      layout_basic, basic_altar, minmay_door_square, uniq_jessica
D:3:      due_chaos_kobolds, layout_loops_corners, grunt_qazlal_sundering,
          mainiacjoe_overflow_boulevard, serial_shops, shop_fountains, shop,
          nicolae_shop_waterfront, ebering_ghost_rock_garden,
          minmay_joined_circles
D:4:      kennysheep_six_static_rooms, layout_basic, overflow_temple_1_default,
          serial_forest, infiniplex_forest_end_double, infiniplex_forest_end_1,
          infiniplex_forest_corner_1, infiniplex_forest_zigzag_1,
          infiniplex_forest_clump_C, infiniplex_forest_clump_tiny,
          infiniplex_forest_clump_diagonal, infiniplex_forest_straight_2,
          minmay_goblin_outpost
D:5:      layout_cave_pools, serial_shops, shop, dreamdust_wishing_well,
          uniq_grinder
D:6:      layout_basic, minmay_temple_entry_drinking_statues,
          kennysheep_nondescript

Skill      XL: |  1  2  3  4  5  6  7  8 |
---------------+-------------------------+-----
Fighting       | 4 5 6 |  6.8
Axes           | 5 6 7 8 |  8.4
Invocations    | 1 2 3 |  3.7
Armour         | 1 2 3 |  3.2
Throwing       | 1 2 |  2.6
Evocations     | 1 2 |  2.7
Stealth        | 1 2 |  2.4
Dodging        | |  2.4

Action                     |  1- 3 |  4- 6 |  7- 9 || total
---------------------------+-------+-------+-------++-------
  Melee: Hand axe          |    63 |   271 |    84 ||   418
         Punch             |       |     3 |     4 ||     7
         Flail             |       |       |    29 ||    29
         Battleaxe         |       |       |    37 ||    37
  Throw: Stone             |       |       |    10 ||    10
    Use: Scroll            |       |    14 |     3 ||    17
         Potion            |       |     3 |     3 ||     6
 Armour: Robe              |     3 |       |       ||     3
         Ring mail         |    26 |   176 |    92 ||   294
         Plate armour      |       |       |    14 ||    14
  Dodge: Dodged            |    39 |   178 |    70 ||   287
